 Dungeon Crawl Stone Soup version 0.24-a0-271-ga0fc33f (webtiles) character file.

Game seed: 8294263899525506383

23553 gruber the Grappler (level 12, -10/126 HPs)
             Began as a Troll Berserker on Apr 23, 2019.
             Was an Elder of Trog.
             Mangled by a death knight
             ... wielding a +2 morningstar of venom
              (17 damage)
             ... on level 14 of the Dungeon.
             The game lasted 00:20:59 (11327 turns).

gruber the Grappler (Troll Berserker)              Turns: 11327, Time: 00:21:00

Health: -10/126    AC: 11    Str: 28    XL:     12   Next: 72%
Magic:  11/11      EV: 12    Int:  3    God:    Trog [****..]
Gold:   550        SH:  9    Dex: 13    Spells: 11/11 levels left

rFire    x x .     SeeInvis .     - Unarmed
rCold    + + .     Gourm    +   N - +0 shield
rNeg     . . .     Faith    .   T - +0 troll leather armour
rPois    .         Spirit   .   (helmet restricted)
rElec    .         Reflect  .   m - +2 cloak
rCorr    .         Harm     .   (gloves unavailable)
MR       .....                  (boots unavailable)
Stlth    +.........             (no amulet)
HPRegen  1.11/turn              Q - ring of ice
MPRegen  0.12/turn              C - ring of ice

@: lethally poisoned (-10 -> -18)
A: large, unfitting armour, claws 3, fast metabolism 3, gourmand, regeneration
1, shaggy fur 1, tough skin 3
a: Berserk, Trog's Hand, Brothers in Arms, Renounce Religion


You were on level 14 of the Dungeon.
You worshipped Trog.
Trog was greatly pleased with you.
You were hungry.

You visited 1 branch of the dungeon, and saw 14 of its levels.
You also visited: Ossuary and Ice Cave.

You collected 774 gold pieces.
You spent 224 gold pieces at shops.

Inventory:

Hand Weapons
 a - a +0 blowgun
 J - a +4 scimitar of flaming
Missiles
 r - 2 javelins (quivered)
 I - 27 poisoned needles
 R - 12 large rocks
Armour
 m - a +2 cloak (worn)
 K - a +2 robe of fire resistance
 N - a +0 shield (worn)
 T - a +0 troll leather armour (worn)
Jewellery
 w - an uncursed ring of positive energy
 C - a ring of ice (right claw)
 F - an uncursed ring of flight
 Q - a ring of ice (left claw)
Wands
 k - a wand of random effects (22)
 D - a wand of polymorph (24)
 G - a wand of disintegration (15)
 H - a wand of clouds (6)
 L - a wand of acid (8)
 M - a wand of flame (58)
Scrolls
 d - 2 scrolls of fog {unknown}
 e - a scroll of enchant weapon {unknown}
 f - 2 scrolls of blinking {unknown}
 i - 16 scrolls of identify
 j - 3 scrolls of remove curse
 n - 2 scrolls of random uselessness {unknown}
 p - 10 scrolls of teleportation {unknown}
 q - 3 scrolls of magic mapping
 t - 4 scrolls of amnesia
 u - 3 scrolls of fear {unknown}
 v - 5 scrolls of enchant armour
 x - 2 scrolls of immolation {unknown}
 y - 2 scrolls of noise {unknown}
 O - a scroll of torment {unknown}
 P - a scroll of vulnerability {unknown}
 S - a scroll of silence {unknown}
Potions
 c - 2 potions of heal wounds
 g - 9 potions of curing
 h - 3 potions of berserk rage {unknown}
 l - 4 potions of agility {unknown}
 o - 4 potions of haste {unknown}
 z - a potion of brilliance {unknown}
 A - a potion of mutation {unknown}
 B - a potion of resistance {unknown}
 E - 5 potions of degeneration {unknown}
Miscellaneous
 X - a phantom mirror
Comestibles
 b - 30 rations


   Skills:
 - Level 10.0 Fighting
 - Level 9.2 Dodging
 * Level 3.1 Shields
 - Level 14.4 Unarmed Combat


You had 11 spell levels left.
You didn't know any spells.
Your spell library was empty.

Dungeon Overview and Level Annotations

Branches:
Dungeon (14/15)            Temple (0/1) D:7            Lair (0/6) D:8
    Orc (0/2) D:11
 Vaults: D:13-14

Altars:
Cheibriados
Gozag
Kikubaaqudgha
Okawaru
Ru

Shops:
D:7 %   D:12 *


Innate Abilities, Weirdness & Mutations

You are too large for most types of armour.
You have claws for hands.
Your metabolism is lightning-fast.
You like to eat raw meat.
Your natural rate of healing is unusually fast.
You are covered in fur. (AC +1)
You have extremely tough skin. (AC +3)


Message History

Your ogre's corpse disappears in a puff of smoke!
The death knight offers itself to Yredelemnul, and fills with unholy energy.
You see here a hound corpse.
Unknown command.
You fail to use your ability.
* * * LOW HITPOINT WARNING * * *
You feel very sick. The death knight closely misses you.
Unknown command.
Unknown command.
You fail to use your ability.
* * * LOW HITPOINT WARNING * * *
You feel sick.
Unknown command.
Unknown command.
You fail to use your ability.
* * * LOW HITPOINT WARNING * * *
You feel very sick.
The death knight hits you with a +2 morningstar of venom!
You die...

...^...# ###.)....# *,,* .......#
#....=.# **,* .......# ####.###
*,* #.###### #.# *,* #.,,,* #.#
*,* ##**+*** #.# *****#,****
,,,,,,,******##'### *,,...,,,,,
,,,,,,,+,,,,*#...W#####.....,,,,∩
,,,,,,,****,,#..@p'WW.......,,,,,
,,,,,,,* **,+....#####.....,,,,,
,,,,,,,* **#....# *,,.!.,,,,,
,,,,,,,* #..).# *,,,,.,,,,,
,,,,,,,* ###### *,,,,,,,,,,
,,,,,,,* *********** ********


You could see a death knight, a freezing wraith and 2 wraiths.

Vanquished Creatures
  3 centaur warriors
  Erica (D:8)
  A hydra (D:11)
  3 two-headed ogres
  2 unseen horrors
  An ugly thing (D:12)
  A manticore (D:10)
  2 cyclopes
  A centaur zombie (D:10)
  2 ice statues (IceCv)
  Psyche (D:10)
  A gargoyle (D:13)
  A kobold demonologist (D:11)
  A komodo dragon (D:10)
  A freezing wraith (D:13)
  10 ice devils (IceCv)
  A tengu conjurer (D:13)
  3 trolls
  Prince Ribbit (D:9)
  2 hippogriffs
  A spriggan (D:9)
  5 yaks (D:11)
  A wraith (D:12)
  2 hungry ghosts
  Menkaure (D:6)
  3 acid dragons
  Duvessa (D:6)
  A porcupine (D:8)
  3 sky beasts
  4 black bears
  4 ice beasts
  4 orc warriors
  An eye of draining (D:10)
  14 centaurs
  A crocodile (D:8)
  2 big kobolds
  Blork the orc (D:6)
  11 bullfrogs
  A gnoll sergeant (D:6)
  2 wyvern zombies
  Dowan (D:6)
  A water moccasin zombie (Ossuary)
  2 scorpions (D:7)
  22 killer bees
  3 wights (D:9)
  8 howler monkeys
  2 crimson imps
  5 bullfrog zombies
  5 hounds
  A bullfrog skeleton (D:5)
  6 orc priests
  12 orc wizards
  Crazy Yiuf (D:2)
  2 centaur skeletons
  2 iguanas
  15 mummies (Ossuary)
  Jessica (D:2)
  10 worker ants
  5 hound zombies
  A hound skeleton (D:10)
  A worker ant zombie (Ossuary)
  3 howler monkey zombies
  6 gnolls
  A howler monkey skeleton (D:10)
  15 adders
  3 shadow imps
  8 white imps (IceCv)
  6 ufetubi (IceCv)
  2 adder zombies
  4 worms
  4 dart slugs
  2 leopard geckos
  40 orcs
  3 ball pythons
  3 giant cockroaches
  9 goblins
  2 hobgoblins (D:2)
  4 jackals
  14 kobolds
  A quokka (D:10)
  A ball python skeleton (D:5)
  7 bats
  4 frilled lizards
  A goblin zombie (D:5)
  A jackal zombie (Ossuary)
  2 leopard gecko skeletons
  A leopard gecko zombie (Ossuary)
  A quokka zombie (Ossuary)
  7 rats
  A rat zombie (D:5)
364 creatures vanquished.

Vanquished Creatures (collateral kills)
  An ugly thing (D:12)
  A big kobold (D:8)
  A bullfrog (D:8)
  A wyvern zombie (D:12)
  3 kobolds (D:8)
7 creatures vanquished.

Vanquished Creatures (others)
  A reaper (IceCv)
  A white imp (IceCv)
  6 ufetubi (IceCv)
  A withered plant (Ossuary)
9 creatures vanquished.

Grand Total: 380 creatures vanquished

Notes
Turn   | Place    | Note
-------+----------+-------------------------------------------
     0 | D:1      | gruber the Troll Berserker began the quest for the Orb.
     0 | D:1      | Reached XP level 1. HP: 22/22 MP: 0/0
   187 | D:1      | Reached XP level 2. HP: 26/29 MP: 1/1
   413 | D:1      | Reached skill level 4 in Unarmed Combat
   634 | D:2      | Reached XP level 3. HP: 34/36 MP: 2/2
   657 | D:2      | Noticed Jessica
   663 | D:2      | Killed Jessica
   688 | D:2      | Reached ** piety under Trog
   696 | D:2      | Reached skill level 5 in Unarmed Combat
   696 | D:2      | Reached XP level 4. HP: 40/44 MP: 3/3
  1074 | D:2      | Found a runed translucent door.
  1075 | D:2      | Noticed Crazy Yiuf
  1118 | D:2      | Killed Crazy Yiuf
  1118 | D:2      | Reached XP level 5. HP: 50/50 MP: 4/4
  1166 | D:3      | Reached skill level 6 in Unarmed Combat
  1721 | D:4      | Found a snail-covered altar of Cheibriados.
  1730 | D:4      | Reached XP level 6. HP: 50/59 MP: 5/5
  1732 | D:4      | Reached *** piety under Trog
  1833 | D:4      | Found a sacrificial altar of Ru.
  2074 | D:4      | Reached skill level 7 in Unarmed Combat
  2361 | D:5      | Entered Level 5 of the Dungeon
  2415 | D:5      | Reached skill level 8 in Unarmed Combat
  2425 | D:5      | Reached XP level 7. HP: 39/66 MP: 6/6
  2468 | D:5      | Reached skill level 9 in Unarmed Combat
  2559 | D:5      | Found a sand-covered staircase.
  2579 | Ossuary  | Entered an ossuary
  2616 | Ossuary  | Reached XP level 8. HP: 59/74 MP: 7/7
  2645 | Ossuary  | Reached skill level 10 in Unarmed Combat
  2657 | Ossuary  | Reached **** piety under Trog
  2967 | D:5      | Found an iron altar of Okawaru.
  3282 | D:6      | Noticed Menkaure
  3291 | D:6      | Killed Menkaure
  3305 | D:6      | Noticed Blork the orc
  3308 | D:6      | Noticed a troll
  3318 | D:6      | HP: 1/118 [troll (14)]
  3319 | D:6      | Killed a troll
  3319 | D:6      | Reached skill level 5 in Fighting
  3323 | D:6      | Killed Blork the orc
  3463 | D:6      | Reached XP level 9. HP: 71/89 MP: 8/8
  3740 | D:6      | Noticed Duvessa
  3742 | D:6      | Noticed Dowan
  3748 | D:6      | Killed Duvessa
  3750 | D:6      | Killed Dowan
  4190 | D:7      | Found Fusixt's Food Boutique.
  4581 | D:7      | Found a staircase to the Ecumenical Temple.
  4742 | D:8      | Noticed Erica
  4750 | D:8      | Killed Erica
  4752 | D:8      | Reached XP level 10. HP: 49/107 MP: 9/9
  4872 | D:8      | Noticed a two-headed ogre
  5141 | D:8      | Reached skill level 10 in Fighting
  5154 | D:8      | Killed a two-headed ogre
  5301 | D:8      | Found a staircase to the Lair.
  5595 | D:8      | Found an ancient bone altar of Kikubaaqudgha.
  5783 | D:9      | Reached skill level 5 in Dodging
  5805 | D:9      | Noticed Prince Ribbit
  5810 | D:9      | Killed Prince Ribbit
  5810 | D:9      | Reached ***** piety under Trog
  6164 | D:9      | Noticed a two-headed ogre
  6172 | D:9      | Killed a two-headed ogre
  6387 | D:9      | Found an opulent altar of Gozag.
  6706 | D:10     | Entered Level 10 of the Dungeon
  6724 | D:10     | Noticed Psyche
  6728 | D:10     | Noticed a manticore
  6735 | D:10     | Received a gift from Trog
  6739 | D:10     | Killed Psyche
  6739 | D:10     | Reached XP level 11. HP: 102/117 MP: 10/10
  7418 | D:11     | Found a staircase to the Orcish Mines.
  7483 | D:11     | Killed an unseen horror
  7935 | D:11     | Noticed a two-headed ogre
  7935 | D:11     | Noticed an eight-headed hydra
  7952 | D:11     | Killed an 11-headed hydra
  7952 | D:11     | Reached skill level 11 in Unarmed Combat
  7975 | D:11     | Killed a two-headed ogre
  8348 | D:12     | Found Baat's General Store.
  8355 | D:12     | Noticed a brown ugly thing
  8356 | D:12     | Noticed a cyan ugly thing
  8366 | D:12     | Killed a brown ugly thing
  8367 | D:12     | HP: 2/175 [cyan ugly thing (15)]
  8373 | D:12     | Killed a cyan ugly thing
  8377 | D:12     | Reached skill level 12 in Unarmed Combat
  8543 | D:12     | Bought a potion of curing for 48 gold pieces
  8543 | D:12     | Bought a scroll of enchant armour for 120 gold pieces
  8543 | D:12     | Bought a scroll of magic mapping for 56 gold pieces
  9316 | D:13     | Reached XP level 12. HP: 119/126 MP: 11/11
  9543 | D:13     | Noticed a centaur warrior
  9553 | D:13     | Killed a centaur warrior
  9553 | D:13     | Reached skill level 13 in Unarmed Combat
  9609 | D:13     | Noticed a centaur warrior
  9616 | D:13     | Killed a centaur warrior
  9753 | D:13     | Found a frozen archway.
  9757 | IceCv    | Entered an ice cave
 10041 | IceCv    | Reached skill level 14 in Unarmed Combat
 10348 | IceCv    | Killed a reaper
 10391 | IceCv    | Got an ancient demon blade
 10475 | D:13     | Identified the +10 demon blade of Destiny {slice, +Rage}
                  | (You found it in an ice cave)
 10578 | D:13     | Reached skill level 1 in Shields
 10582 | D:13     | Found an opulent altar of Gozag.
 11266 | D:14     | Noticed a centaur warrior
 11273 | D:14     | Killed a centaur warrior
 11306 | D:14     | Noticed a death knight
 11327 | D:14     | Mangled by a death knight

Levels and vault maps discovered:
D:1:      evilmike_arrival_fibonacci_small, layout_loops_ring
D:2:      layout_rooms, first_ration, supply_closet_lemuel, uniq_jessica,
          uniq_crazy_yiuf_cottage
D:3:      layout_rooms
D:4:      layout_loops_corners, nicolae_ru_path_of_blood,
          kennysheep_slug_shrine, minmay_checkerbox
D:5:      layout_loops_ring, okawaru_ov_weapons_minmay, enter_ossuary_4
D:6:      layout_loops_ring, kennysheep_generic_room_14, uniq_duvessa,
          uniq_menkaure, uniq_blork_the_orc
D:7:      layout_loops_ring, temple_hall, serial_shops, shop_fountains
D:8:      layout_cave_pools, marbit_many_paths, grunt_lair_entry_orc_guard_hut,
          uniq_erica
D:9:      layout_long_grid, the_bakery, grunt_gozag_statues, uniq_prince_ribbit1
D:10:     layout_rooms, evilmike_surprise_oklob, uniq_psyche
D:11:     layout_basic, orc_0_dummy, interstate_on_off
D:12:     layout_long_grid, serial_shops, shop
D:13:     layout_loops_corners, portal_ice_cave_entry_pillars_2,
          serial_co_window_serial, co_window_paths_b,
          co_window_of_opportunity_a, co_window_of_opportunity_a,
          co_window_corner_a, co_window_of_opportunity_a, co_window_corner_a,
          co_window_corner_a, co_window_paths_a, co_window_paths_a,
          co_window_unsneaky_path_b, co_window_cross_4,
          co_window_of_opportunity_c, glass_columns_b, glass_columns_a,
          basic_altar
D:14:     layout_roguey, david_vaults_5, lemuel_mausoleum_altar_yredelemnul,
          gauntlet_entry_generic, minmay_guarded_unrand_wrath_of_trog
Ossuary:  ossuary_zaba_flooded
IceCv:    ice_cave_small_demon

Skill      XL: |  1  2  3  4  5  6  7  8  9 10 11 12 |
---------------+-------------------------------------+-----
Unarmed Combat | 4 5 6 8 9 10 12 14 | 14.4
Fighting       | 6 9 10 | 10.0
Dodging        | 7 9 |  9.2
Shields        | 3 |  3.1

Action                   |  1- 3 |  4- 6 |  7- 9 | 10-12 || total
-------------------------+-------+-------+-------+-------++-------
Melee: Unarmed           |    67 |   168 |   256 |   622 ||  1113
       Punch             |     2 |     3 |    14 |    38 ||    57
Invok: Trog's Hand       |       |     1 |     2 |     4 ||     7
       Berserk           |       |     1 |     3 |     2 ||     6
       Brothers in Arms  |       |       |     1 |     5 ||     6
  Use: Scroll            |       |       |       |     6 ||     6
 Stab: Sleeping          |       |       |     1 |       ||     1
       Distracted        |       |       |     1 |       ||     1
  Eat: Chunk             |     4 |    17 |    26 |    64 ||   111
       Ration            |       |       |     1 |     1 ||     2
Armor: Animal skin       |    38 |    65 |    90 |     3 ||   196
       Robe              |       |       |       |   258 ||   258
       Troll leather arm |       |       |       |    16 ||    16
Dodge: Dodged            |    40 |    62 |    75 |   330 ||   507
Block: Shield            |       |       |       |    17 ||    17

Table legend:
 A = Non-vault XP
 B = Vault XP
 C = Vault XP percentage of total XP
 D = Non-vault monster count
 E = Vault monster count
 F = Vault count percentage of total count
                 A         B        C        D         E       F
            +---------+---------+-------+---------+---------+-------
      Total |   25318 |    8330 |  24.8 |     294 |      77 |  20.8
            +---------+---------+-------+---------+---------+-------
        D:1 |      32 |       0 |   0.0 |      18 |       0 |   0.0
        D:2 |     114 |      76 |  40.0 |      28 |       2 |   6.7
        D:3 |      73 |       0 |   0.0 |      13 |       0 |   0.0
        D:4 |     114 |      40 |  26.0 |      13 |       3 |  18.8
        D:5 |     708 |       2 |   0.3 |      20 |       2 |   9.1
        D:6 |    1118 |     618 |  35.6 |      25 |       6 |  19.4
        D:7 |     912 |       0 |   0.0 |      15 |       0 |   0.0
        D:8 |    1777 |    1463 |  45.2 |      20 |       7 |  25.9
        D:9 |    1965 |     497 |  20.2 |      22 |       2 |   8.3
       D:10 |    3056 |     439 |  12.6 |      38 |       1 |   2.6
       D:11 |    5650 |       0 |   0.0 |      28 |       0 |   0.0
       D:12 |    2156 |       0 |   0.0 |      17 |       0 |   0.0
       D:13 |    6486 |       0 |   0.0 |      33 |       0 |   0.0
       D:14 |    1157 |       0 |   0.0 |       4 |       0 |   0.0
    Ossuary |       0 |     788 | 100.0 |       0 |      28 | 100.0
      IceCv |       0 |    4407 | 100.0 |       0 |      26 | 100.0
            +---------+---------+-------+---------+---------+-------
